 Dungeon Crawl Stone Soup version 0.28-a0-1159-g27aa881441 (webtiles) character file.

Game seed: 13201339113811395839

93 Essalna the Firebug (level 4, -5/30 HPs)
             Began as a Demonspawn Fire Elementalist on Dec 15, 2021.
             Killed from afar by Ijyb (8 damage)
             ... with an iceblast
             ... on level 2 of the Dungeon.
             The game lasted 00:04:01 (1767 turns).

Essalna the Firebug (Demonspawn Fire Elementalist)  Turns: 1767, Time: 00:04:02

Health: -5/30      AC: 11    Str:  9    XL:     4   Next: 37%
Magic:  2/8        EV: 12    Int: 18    God:
Gold:   68         SH:  0    Dex: 13    Spells: 7/8 levels left

rFire   . . .      SeeInvis .   d - +0 short sword (protect)
rCold   + . .      Faith    .   (no shield)
rNeg    . . .      Spirit   .   c - +2 robe {rC+}
rPois   .          Reflect  .   (no helmet)
rElec   .          Harm     .   (no cloak)
rCorr   .          Rampage  .   (no gloves)
Will    .....                   (no boots)
Stlth   ++........              (no amulet)
HPRegen 0.10/turn               (no ring)
MPRegen 0.22/turn               (no ring)

@: under a protective aura
A: magic regeneration, demonic touch 2
a: no special abilities


You were on level 2 of the Dungeon.
You visited 1 branch of the dungeon, and saw 2 of its levels.

You collected 68 gold pieces.

Inventory:

Hand Weapons
 b - a +0 whip
 d - a +0 short sword of protection (weapon)
Armour
 a - a +0 robe
 c - a +2 robe of cold resistance (worn)
Scrolls
 e - a scroll of magic mapping {unknown}
 f - 2 scrolls of identify {unknown}
 h - a scroll of blinking {unknown}
Potions
 g - 2 potions of heal wounds {unknown}


   Skills:
 - Level 1.7 Dodging
 - Level 1.7 Stealth
 + Level 2.9 Spellcasting
 + Level 2.5 Conjurations
 + Level 3.5 Fire Magic


You had 7 spell levels left.
You knew the following spells:

 Your Spells              Type           Power      Damage    Failure   Level
a - Foxfire               Conj/Fire      52%        2x1d6     4%          1

Your spell library contained the following spells:

 Spells                   Type           Power      Damage    Failure   Level
 Scorch                   Fire           30%        2d6       6%          2
 Conjure Flame            Conj/Fire      13%        6-21      14%         3
 Inner Flame              Hex/Fire       9%         N/A       24%         3
 Flame Wave               Conj/Fire      13%        2d5       43%         4


Dungeon Overview and Level Annotations

Branches:
Dungeon (2/15)

Altars:

Annotations:
D:2 Ijyb


Innate Abilities, Weirdness & Mutations

You regenerate magic rapidly.
Your touch may inflict irresistible damage on your foes.


Message History

You hit Ijyb but do no damage.
Your weapon exudes an aura of protection.
Ijyb is heavily wounded.
The foxfire hits Ijyb but does no damage.
Ijyb is heavily wounded.
The foxfire hits Ijyb but does no damage.
Ijyb is heavily wounded.
Ijyb closely misses you.
Ijyb rages.
Ijyb hits you but does no damage.
Ijyb rages.
Ijyb closely misses you. Ijyb closely misses you.
Ijyb hits you with a +0 dagger.
Sorry, you're not good enough to have a special ability.
Sorry, you're not good enough to have a special ability.
You closely miss Ijyb.
Ijyb is heavily wounded.
Ijyb hits you with a +0 dagger. Ijyb closely misses you.
Casting: Foxfire (safe; 4% risk of failure)
Confirm with . or Enter, or press ? or * to list all spells.
You conjure some foxfire!
Ijyb hits you with a +0 dagger. The goblin barely misses you.
Ijyb hits you with a +0 dagger!
You closely miss Ijyb.
Ijyb is heavily wounded.
The foxfire hits the goblin.
You kill the goblin!
The foxfire hits Ijyb.
Ijyb is heavily wounded.
Ijyb hits you with a +0 dagger!
* * * LOW HITPOINT WARNING * * *
You hit Ijyb but do no damage.
Your weapon exudes an aura of protection.
Your touch misses Ijyb.
Ijyb is heavily wounded.
Ijyb hits you but does no damage. Ijyb barely misses you.
Sorry, you're not good enough to have a special ability.
Ijyb is no longer berserk.
Ijyb zaps a wand.
The mass of ice explodes!
The iceblast engulfs you! You partially resist.
You die...

#...............## #......#
#..........###### #......#
..#........#.# #<...###
....†††..†.#.# #.##.##
#.#####..#...## ##.##..##
##..###...#### ##..###..# ##..##
#.)g>..# ##..## ##.# #######..##
#...##..##..#### #.# #.......##
##.@# #........# #.# .......##
#..# ##.......# #.. .>.....# #..#
#.......# ##. .......#
###..####.......# ##
......(######...............#####
...........)................^....
.......######.........###########
......)# #....................
.......# #........#........###


You could see Ijyb (slow).

Vanquished Creatures
  A gnoll (D:1)
  2 adders (D:2)
  2 dart slugs (D:1)
  2 worms (D:2)
  9 ball pythons
  4 bats
  3 endoplasms
  4 giant cockroaches
  5 hobgoblins
  4 quokkas (D:1)
  2 frilled lizards
  7 goblins
  7 kobolds
  2 rats
54 creatures vanquished.

Vanquished Creatures (collateral kills)
  7 foxfires (D:2)
7 creatures vanquished.

Vanquished Creatures (others)
  182 foxfires
  A plant (D:2)
  3 withered plants (D:2)
186 creatures vanquished.

Grand Total: 247 creatures vanquished

Notes
Turn   | Place    | Note
-------+----------+-------------------------------------------
     0 | D:1      | Essalna the Demonspawn Fire Elementalist began the quest
                  | for the Orb.
     0 | D:1      | Reached XP level 1. HP: 13/13 MP: 3/3
    44 | D:1      | Gained mutation: You regenerate magic rapidly. [demonic
                  | ancestry]
    44 | D:1      | Reached XP level 2. HP: 19/19 MP: 0/5
   194 | D:1      | Reached skill level 3 in Fire Magic
   582 | D:1      | Gained mutation: Your touch may inflict minor irresistible
                  | damage on your foes. [demonic ancestry]
   582 | D:1      | Reached XP level 3. HP: 24/24 MP: 2/6
   708 | D:1      | You fall into a shaft and drop 1 floor!
   708 | D:2      | Found a faded altar of an unknown god.
  1616 | D:2      | Gained mutation: Your touch may inflict irresistible damage
                  | on your foes. [demonic ancestry]
  1616 | D:2      | Reached XP level 4. HP: 30/30 MP: 4/8
  1742 | D:2      | Noticed Ijyb
  1767 | D:2      | Killed from afar by Ijyb

Illustrated notes

Levels and vault maps discovered:
D:1:      giann_wishing_wells, layout_loops_corners, serial_glass,
          glass_columns_b, glass_columns_a, glass_columns_a, glass_columns_b,
          glass_columns_a, glass_columns_a, glass_columns_a, glass_columns_a,
          glass_columns_a, glass_columns_a, due_unseen_surprise,
          item_on_display_a, feat_on_display, minmay_heptomino_l4
D:2:      kennysheep_the_goblin_king, layout_rooms,
          ebering_ecumenical_altar_petrified, serial_shops, nicolae_square_shop,
          minmay_shallow_snake_nest

Skill      XL: |  1  2  3 |
---------------+----------+-----
Fire Magic     | 3 |  3.5
Conjurations   | 2 |  2.5
Dodging        | |  1.7
Stealth        | |  1.7
Spellcasting   | |  2.9

Action                   |  1- 3 |  4- 6 || total
-------------------------+-------+-------++-------
Melee: Unarmed           |     1 |       ||     1
       Short sword       |    37 |    10 ||    47
       Whip              |     1 |       ||     1
       Touch             |     3 |     1 ||     4
 Cast: Foxfire           |    83 |    27 ||   110
 Stab: Sleeping          |     1 |       ||     1
Armor: Robe              |    24 |     5 ||    29
Dodge: Dodged            |    57 |     8 ||    65

Table legend: (Time is in decaauts)
 A = Elapsed time spent in this place.
 B = Non-inter-level travel time spent in this place.
 C = Inter-level travel time spent in this place.
 D = Time resting spent in this place.
 E = Time spent auto-exploring this place.
 F = Levels seen in this place.
 G = Mean time per level.
                   A        B        C        D        E       F      G
               +--------+--------+--------+--------+--------+-----+--------+
         Total |   1771 |   1730 |     41 |      0 |   1365 |   2 |  885.5 |
       Dungeon |   1771 |   1730 |     41 |      0 |   1365 |   2 |  885.5 |
               +--------+--------+--------+--------+--------+-----+--------+

Top non-repeatable levels by time:
     D:1: 1324 daAuts
     D:2: 447 daAuts
